Map: Bel'Shir Vestige LE (Void)

Players

aAaMiNiMaTh (MiNiMaTh)

  • Race: Zerg Zerg
  • Spawn Location: 11:00

qbeN - Winner!

  • Race: Protoss Protoss
  • Spawn Location: 5:00

Event: IEM XI Katowice - World Championship 2017

VOD

Have the link to the VOD?

Description

Time

  • Played on: Feb. 28, 2017, 10:25 a.m.
  • Length: 17:30

All games in this series

Show
View Real Time Build Order
Export as new Build Order

aAaMiNiMaTh Zerg 

Build Orders: Hatch First 

Get SALT Encoding   

  12  0:00  Drone  
  13  0:12  Overlord  
  13  0:17  Drone  
  14  0:30  Drone  
  14  0:31  Drone  
  14  0:35  Drone  
  17  0:53  Hatchery  
  17  0:54  Drone  
  17  0:58  Drone  
  18  1:10  Extractor  
  17  1:13  Spawning Pool  
  17  1:17  Drone  
  17  1:19  Drone  
  18  1:28  Drone  
  19  1:38  Overlord  
  19  1:51  Drone  
  20  2:00  Queen  
  20  2:01  Zergling x2  
  23  2:05  Queen  
  23  2:06  Zergling x2  
  26  2:10  Metabolic Boost  
  26  2:12  Drone  
  27  2:16  Drone  
  28  2:23  Drone  
  29  2:33  Hatchery, Drone  
  29  2:39  Drone x2  
  31  2:46  Queen  
  31  2:50  Overlord  
  33  3:04  Drone x2  
  33  3:05  Drone  
  36  3:09  Drone x4  
  36  3:11  Drone  
  41  3:19  Zergling x6  
  44  3:22  Overlord  
  44  3:37  Evolution Chamber  
  44  3:40  Drone x2  
  44  3:41  Drone x4  
  48  3:42  Drone  
  48  3:45  Extractor  
  48  3:46  Drone x2  
  51  3:48  Queen  
  51  3:53  Overlord  
  51  3:54  Drone x3  
  55  4:03  Zerg Melee Weapons Level 1  
  55  4:04  Extractor, Drone  
  55  4:05  Zergling x4  
  55  4:09  Baneling Nest  
  56  4:13  Zergling x6  
  59  4:23  Zergling x4  
  59  4:24  Zergling x8  
  65  4:32  Overlord x3  
  65  4:36  Overlord  
  63  4:56  Spore Crawler  
  63  4:58  Spore Crawler  
  63  4:59  Spore Crawler  
  59  5:03  Lair, Drone x3  
  59  5:04  Drone x2  
  59  5:06  Drone  
  59  5:07  Roach Warren, Drone x2  
  67  5:08  Drone  
  67  5:09  Drone  
  67  5:11  Drone  
  67  5:13  Drone  
  70  5:19  Drone x3  
  70  5:20  Drone  
  73  5:35  Drone x3  
  76  5:36  Overlord x4  
  76  5:43  Baneling x2  
  76  5:44  Baneling x3  
  76  5:46  Baneling x3  
  76  5:50  Roach x2  
  76  5:51  Roach  
  82  5:57  Roach x3  
  82  5:58  Roach x4  
  82  6:01  Roach  
  82  6:02  Roach  
  82  6:03  Glial Reconstitution  
  100  6:08  Roach x2  
  100  6:09  Roach  
  106  6:14  Roach x2  
  106  6:15  Roach  
  111  6:18  Overseer  
  111  6:23  Extractor  
  110  6:29  Drone x2  
  110  6:31  Drone  
  110  6:32  Zerg Melee Weapons Level 2  
  113  6:36  Extractor  
  113  6:38  Extractor  
  111  6:41  Overlord x4  
  111  6:42  Overlord x3  
  110  7:01  Drone x3  
  110  7:02  Drone x3  
  110  7:03  Drone x5  
  110  7:07  Hatchery  
  120  7:09  Hydralisk Den  
  120  7:10  Ravager x4  
  120  7:14  Zergling x10  
  128  7:20  Centrifical Hooks  
  128  7:22  Zergling x2  
  129  7:25  Zergling x2  
  129  7:26  Zergling x6  
  130  7:39  Drone x3  
  130  7:40  Drone  
  128  7:52  Zergling x2  
  128  7:53  Zergling x24  
  139  8:05  Zergling x6  
  137  8:18  Zergling x16  
  136  8:23  Zergling x8  
  117  8:35  Spire  
  117  8:41  Zergling x10  
  104  8:42  Zergling x6  
  111  8:50  Hatchery  
  111  8:53  Overseer  
  110  8:56  Drone  
  110  8:58  Muscular Augments  
  110  8:59  Hydralisk x5, Zerg Missile Weapons Level 1  
  110  9:00  Hydralisk  
  110  9:02  Hydralisk x4  
  123  9:03  Hydralisk x2  
  135  9:15  Drone x4  
  135  9:17  Extractor  
  138  9:18  Spore Crawler, Extractor  
  136  9:37  Drone x2  
  136  9:38  Drone x2  
  131  9:46  Corruptor x3  
  131  9:47  Corruptor x7  
  131  9:48  Corruptor  
  153  9:55  Hydralisk x3  
  153  9:58  Overlord  
  159  10:00  Overlord  
  159  10:12  Hydralisk x5  
  169  10:18  Zergling x10  
  174  10:23  Pneumatized Carapace  
  174  10:25  Zergling x6  
  174  10:26  Zergling x2  
  174  10:38  Hydralisk x5  
  164  10:46  Hydralisk x4  
  164  10:49  Zergling x4  
  162  10:51  Zergling x4  
  158  10:58  Zergling x6  
  158  10:59  Zergling x6  
  158  11:01  Baneling  
  158  11:02  Baneling x6  
  164  11:06  Zergling x6  
  167  11:12  Infestation Pit  
  167  11:14  Zergling x10  
  152  11:38  Zergling x22  
  152  11:39  Zergling x18  
  124  11:51  Zergling x18  
  126  12:09  Zergling x4  
  126  12:10  Zergling x10  
  133  12:17  Overseer  
  132  12:23  Hatchery  
  132  12:28  Baneling x4  
  132  12:29  Baneling x8  
  123  12:34  Zergling x6  
  94  12:57  Drone x4  
  94  12:58  Drone  
  99  13:04  Hive  
  99  13:06  Baneling  
  99  13:07  Baneling x2  
  99  13:13  Drone x3  
  99  13:15  Hydralisk x3  
  108  13:30  Corruptor x2  
  108  13:32  Corruptor  
  113  13:37  Corruptor  
  113  13:43  Corruptor  
  115  14:02  Corruptor  
  115  14:03  Corruptor x3  
  122  14:15  Greater Spire  
  122  14:16  Zergling x6  
  122  14:17  Zergling x10  
  129  15:08  Zergling x12  
  132  15:27  Brood Lord x7  
  132  15:28  Brood Lord x4  
  152  15:32  Zergling x2  
  152  15:33  Zergling x26  
  163  15:56  Adrenal Glands  
  159  15:59  Hatchery  
  156  16:14  Zergling x2  
  156  16:15  Zergling x24  
  115  16:52  Hydralisk  
  115  16:53  Hydralisk x10  
  102  17:04  Zergling x16  
  102  17:09  Zergling x6  
Show
View Real Time Build Order
Export as new Build Order

qbeN Protoss - Winner!

Build Orders: 1 Gate Expand 

Get SALT Encoding   

  12  0:00  Probe (Chrono Boost)  
  13  0:11  Probe (Chrono Boost)  
  14  0:22  Pylon, Probe (Chrono Boost)  
  15  0:40  Probe (Chrono Boost)  
  16  0:50  Assimilator  
  16  0:51  Gateway, Probe (Chrono Boost)  
  17  1:01  Probe (Chrono Boost)  
  18  1:12  Probe (Chrono Boost)  
  19  1:22  Probe (Chrono Boost)  
  20  1:31  Nexus  
  20  1:38  Cybernetics Core  
  21  1:40  Probe (Chrono Boost)  
  21  1:50  Assimilator, Probe (Chrono Boost)  
  22  1:55  Pylon  
  22  2:01  Probe (Chrono Boost)  
  23  2:11  Adept  
  23  2:14  Probe (Chrono Boost)  
  23  2:15  Warp Gate  
  26  2:26  Probe (Chrono Boost)  
  27  2:35  Adept  
  28  2:38  Probe (Chrono Boost)  
  28  2:43  Mothership Core (Chrono Boost)  
  32  2:50  Probe (Chrono Boost)  
  33  2:57  Twilight Council  
  33  3:03  Adept, Probe (Chrono Boost)  
  33  3:05  Probe (Chrono Boost)  
  37  3:14  Pylon  
  37  3:15  Probe x2 (Chrono Boost)  
  39  3:20  Resonating Glaives  
  39  3:26  Probe (Chrono Boost)  
  41  3:27  Probe (Chrono Boost)  
  41  3:29  Adept  
  43  3:37  Probe (Chrono Boost)  
  43  3:39  Probe (Chrono Boost)  
  45  3:41  Pylon  
  45  3:47  Probe (Chrono Boost)  
  46  3:51  Probe (Chrono Boost)  
  46  3:54  Gateway  
  47  3:56  Gateway  
  47  3:58  Probe (Chrono Boost)  
  49  4:03  Probe (Chrono Boost)  
  49  4:06  Robotics Facility  
  49  4:09  Probe (Chrono Boost)  
  50  4:15  Probe (Chrono Boost)  
  50  4:16  Pylon  
  51  4:18  Sentry  
  51  4:19  Probe (Chrono Boost)  
  54  4:27  Probe (Chrono Boost)  
  54  4:30  Probe (Chrono Boost)  
  57  4:39  Probe (Chrono Boost)  
  57  4:40  Probe (Chrono Boost)  
  57  4:41  Assimilator  
  57  4:43  Assimilator  
  58  4:51  Probe x2 (Chrono Boost)  
  58  4:52  Immortal  
  58  4:54  Adept x3  
  62  5:01  Probe (Chrono Boost)  
  62  5:02  Gateway  
  62  5:03  Gateway  
  62  5:04  Probe (Chrono Boost)  
  64  5:09  Gateway  
  64  5:12  Pylon, Probe (Chrono Boost)  
  66  5:15  Adept  
  66  5:16  Probe (Chrono Boost)  
  67  5:22  Pylon, Adept, Probe (Chrono Boost)  
  67  5:27  Warp Prism  
  70  5:31  Pylon  
  70  5:32  Probe (Chrono Boost)  
  70  5:35  Probe (Chrono Boost)  
  74  5:42  Adept x2  
  79  5:44  Probe (Chrono Boost)  
  79  5:45  Probe (Chrono Boost)  
  79  5:47  Sentry  
  82  5:56  Nexus  
  82  5:59  Pylon  
  82  6:05  Probe (Chrono Boost)  
  82  6:06  Probe (Chrono Boost)  
  84  6:11  Robotics Bay  
  84  6:13  Observer  
  84  6:17  Sentry x2  
  89  6:18  Forge  
  89  6:20  Probe (Chrono Boost)  
  89  6:24  Pylon  
  90  6:28  Adept  
  90  6:29  Adept  
  90  6:30  Probe (Chrono Boost)  
  95  6:35  Pylon  
  95  6:39  Protoss Ground Weapons Level 1  
  95  6:42  Sentry  
  95  6:44  Probe (Chrono Boost)  
  95  6:45  Blink, Probe (Chrono Boost)  
  95  6:46  Immortal  
  102  7:03  Probe x2 (Chrono Boost)  
  104  7:08  Pylon  
  104  7:09  Sentry, Stalker x2  
  113  7:15  Probe (Chrono Boost)  
  113  7:16  Probe x2 (Chrono Boost)  
  113  7:22  Assimilator  
  113  7:25  Assimilator  
  113  7:26  Probe (Chrono Boost)  
  113  7:28  Probe x2 (Chrono Boost)  
  113  7:29  Colossus, Photon Cannon  
  122  7:40  Extended Thermal Lance  
  122  7:45  Gateway x2  
  120  7:53  Stalker  
  120  7:54  Stalker x2  
  116  7:59  Adept x2  
  116  8:02  Adept  
  122  8:08  Probe (Chrono Boost)  
  122  8:09  Probe (Chrono Boost)  
  122  8:17  Colossus  
  122  8:18  Adept x2  
  128  8:27  Adept x2  
  128  8:30  Pylon  
  128  8:33  Adept  
  113  8:44  Probe x3 (Chrono Boost)  
  116  8:48  Gateway  
  116  8:50  Stalker x5  
  127  8:56  Probe (Chrono Boost)  
  127  9:03  Colossus  
  127  9:07  Sentry, Photon Cannon  
  127  9:08  Pylon  
  129  9:13  Nexus  
  129  9:14  Pylon  
  135  9:17  Sentry  
  135  9:18  Stalker x2  
  141  9:32  Pylon  
  139  9:38  Stalker x4  
  147  9:51  Colossus  
  153  10:00  Zealot x2  
  153  10:01  Zealot x3  
  153  10:04  Stalker  
  161  10:13  Stalker x3  
  157  10:21  Stalker x3  
  157  10:22  Stalker  
  157  10:25  Pylon, Sentry  
  167  10:29  Sentry  
  169  10:37  Colossus  
  169  10:40  Stalker x3  
  150  10:47  Protoss Ground Weapons Level 2  
  146  11:02  Assimilator  
  146  11:03  Robotics Facility  
  146  11:06  Zealot x5  
  146  11:07  Zealot x2, Assimilator  
  160  11:11  Robotics Facility  
  160  11:13  Stalker x2  
  164  11:31  Stalker x7  
  154  11:38  Colossus  
  140  11:44  Colossus  
  124  11:49  Stalker x2  
  128  11:58  Zealot x7  
  128  12:14  Sentry x2  
  132  12:23  Stalker x3  
  132  12:25  Colossus  
  138  12:34  Stalker  
  138  12:35  Stalker x2  
  148  12:38  Stalker  
  132  12:49  Stalker x2  
  132  12:50  Adept, Stalker  
  112  12:54  Colossus  
  112  12:57  Zealot  
  112  12:58  Zealot x3  
  126  13:10  Immortal  
  126  13:12  Zealot x2  
  130  13:19  Stalker x5  
  144  13:25  Immortal  
  142  13:34  Zealot x3  
  150  13:36  Sentry  
  152  13:46  Zealot x2  
  152  13:47  Zealot x2  
  158  13:53  Sentry  
  160  13:58  Sentry x2  
  160  13:59  Zealot x2  
  168  14:04  Immortal  
  164  14:12  Zealot x3  
  170  14:17  Templar Archives  
  170  14:25  Zealot x3  
  170  14:26  Immortal  
  180  14:55  High Templar x4  
  184  15:00  High Templar  
  184  15:01  High Templar, Archon  
  184  15:02  High Templar  
  184  15:03  Archon  
  184  15:05  Archon  
  188  15:09  Pylon  
  188  15:19  Zealot  
  184  15:21  Zealot  
  184  15:27  Zealot x4  
  189  15:34  Zealot  
  189  15:38  High Templar x2  
  189  15:41  Pylon  
  189  15:42  Pylon  
  193  15:47  High Templar, Archon  
  195  15:55  Probe x2 (Chrono Boost)  
  195  15:56  Pylon  
  191  15:57  Pylon  
  191  15:59  High Templar  
  191  16:01  High Templar  
  191  16:03  Zealot x2  
  191  16:04  Zealot  
  199  16:06  Archon x2  
  185  16:26  Stalker x7  
  173  16:44  Stalker x2  
  157  16:53  Stalker x5  
  137  17:08  Stalker x3  
  141  17:16  Stalker x6  

Tags
 
Add a new tag
Caveats
  • Supply blocks, unpowered buildings, or Contaminate may cause inaccurate times.
  • Supply counts are checked every 10 seconds.